AoeStats
← Nath

Arena

507836281Analyzed
2v2 RM · 13d ago on Sep 19, 2026· 50m 58s· 4 players
Game mode
Random Map
Map size
Medium (4 player)
Population
200
Speed
Normal
Resources
Standard
Victory
Conquest
Starting age
Dark Age
Ending age
Imperial Age
RankedLock teamsTeams togetherTeam positionsShared explorationLock speedFull tech treeHidden civsTurbo modeCheats
Victory
Defeat
🇨🇭 Persians · Switzerland
886
+17
🇨🇭 Romans · Switzerland
860
+18
🇮🇹 Gurjaras · Italy
942
-20
🇩🇪 Goths · Germany
854
-20
Parrandista
11:26 Feudal Age
9:41 Loom
16:45 Castle Age
15:06 Double-Bit Axe
15:41 Horse Collar
16:18 Padded Archer Armor
16:24 Gold Mining
19:18 Bow Saw
20:40 Heavy Plow
25:15 Kamandaran
24:56 Crossbowman
29:33 Thumb Ring
34:47 Imperial Age
36:26 Wheelbarrow
36:56 Elite War Elephant
40:16 Scale Barding Armor
Nath
12:11 Feudal Age
20:12 Castle Age
18:23 Man-at-Arms
18:49 Horse Collar
18:57 Double-Bit Axe
20:00 Scale Mail Armor
24:02 Forging
25:59 Gold Mining
26:21 Long Swordsman
27:57 Pikeman
39:01 Chain Mail Armor
39:21 Iron Casting
42:58 Imperial Age
44:21 Legionary
47:08 Halberdier
gordon-herdecke
0:38 Loom
10:48 Feudal Age
12:07 Wheelbarrow
11:30 Double-Bit Axe
13:39 Horse Collar
23:13 Castle Age
21:16 Stone Mining
22:18 Man-at-Arms
24:14 Hand Cart
24:11 Bow Saw
24:05 Heavy Plow
25:00 Long Swordsman
25:50 Scale Mail Armor
35:58 Imperial Age
34:28 Gold Mining
35:10 Anarchy
36:25 Capped Ram
38:33 Elite Huskarl
41:11 Chain Mail Armor
41:07 Forging
41:52 Pikeman
verbumdei76
1:22 Loom
11:30 Feudal Age
19:38 Castle Age
17:32 Double-Bit Axe
17:29 Horse Collar
19:31 Forging
21:25 Gold Mining
23:01 Fletching
27:07 Fervor
27:34 Sanctity
32:03 Town Watch
38:14 Wheelbarrow
37:39 Bodkin Arrow
42:24 Imperial Age
41:26 Stone Mining
42:55 Fortified Wall
43:12 Husbandry
43:24 Bloodlines
44:16 Illumination
43:21 Heavy Camel Rider
46:30 Gold Shaft Mining
47:54 Conscription
48:10 Hoardings
49:48 Town Patrol
50:26 Light Cavalry
Connection lost

Rejoining the realm…

Still unreachable

The connection could not be restored.

Session expired

The server has moved on; the page needs a fresh start.